 Dungeon Crawl Stone Soup version 0.24-a0-618-ge4662a2 (webtiles) character file.

Game seed: 18370848616828513978, levelgen mode: deterministic

623 BoppinsLewinski the Poker (level 7, -4/60 HPs)
             Began as a Centaur Fighter on Sept 15, 2019.
             Slain by a hornet zombie (8 damage)
             ... in an ossuary.
             The game lasted 00:09:53 (3920 turns).

BoppinsLewinski the Poker (Centaur Fighter)         Turns: 3920, Time: 00:09:54

Health: -4/60      AC:  8    Str: 20    XL:     7   Next: 22%
Magic:  7/7        EV:  6    Int:  7    God:
Gold:   89         SH:  8    Dex:  9    Spells: 6/6 levels left

rFire    . . .     SeeInvis .   d - +1 trident (vamp)
rCold    . . .     Gourm    .   c - +0 shield
rNeg     . . .     Faith    .   b - +0 scale mail
rPois    .         Spirit   .   (no helmet)
rElec    .         Reflect  .   g - +0 cloak
rCorr    .         Harm     .   (no gloves)
MR       .....                  (no barding)
Stlth    ..........             (no amulet)
HPRegen  0.20/turn              (no ring)
MPRegen  0.10/turn              (no ring)

@: very quick
A: large, hooves 3, deformed body, speed 2, tough skin 3
a: no special abilities


You were in an ossuary.
You were not hungry.

You visited 1 branch of the dungeon, and saw 4 of its levels.
You also visited: Ossuary.

You collected 89 gold pieces.

Inventory:

Hand Weapons
 a - a +1 trident
 d - a +1 vampiric trident (weapon)
Armour
 b - a +0 scale mail (worn)
 c - a +0 shield (worn)
 g - a +0 cloak (worn)
Wands
 k - a wand of paralysis (7)
Scrolls
 o - a scroll of enchant weapon
Comestibles
 f - 3 rations


   Skills:
 + Level 4.5 Fighting
 * Level 4.8 Polearms
 + Level 3.4 Armour
 + Level 2.2 Dodging
 - Level 2.3 Shields


You had 6 spell levels left.
You didn't know any spells.
Your spell library was empty.

Dungeon Overview and Level Annotations

Branches:
Dungeon (4/15)            Ossuary (1/1)
 Temple: D:4-7

Altars:
The Shining One

Shops:
D:4 =}:

Annotations:
D:3 3 runed translucent doors, 1 exclusion, DrKleor's ghost, amateur DsGl
D:4 Natasha


Innate Abilities, Weirdness & Mutations

You have hooves in place of feet.
Armour fits poorly on your strangely shaped body.
You cover ground very quickly.
You have extremely tough skin. (AC +3)


Message History

Unknown command.
Ye hit tha hornet zombie but do nay damage.
Tha hornet zombie be almost destroyed.
Tha hornet zombie hits ye!
* * * LOW HITPOINT WARNIN'
* * * A mummy comes inta view.
Tha hornet zombie closely misses ye.
Unknown command.
Ye hit tha hornet zombie.
Tha hornet zombie be almost destroyed.
Tha hornet zombie hits ye.
* * * LOW HITPOINT WARNIN'
* * * Unknown command.
Unknown command.
Ye ar'n't carryin' any potions.
Ye hit tha hornet zombie.
Ye kick tha hornet zombie, but do nay damage.
Tha hornet zombie be almost destroyed.
Ye block tha hornet zombie's attack.
Tha hornet zombie hits ye!
Ye die...

#∩..#.'.#
#.#####.### '.'
#.'.'.# #.#####.###
#.#...#.'.#
#.#...'.###
#.#...#.'.#
#≈#.#####.#####.###
#.M≈≈.Z@........'.#
###'#'#'#'#'#'#'###
# #.#.#.#.#.#
###########


You could see a mummy and a hornet zombie.

Vanquished Creatures
  2 bullfrog zombies (Ossuary)
  2 centaur zombies (Ossuary)
  Ijyb (D:4)
  Natasha (twice) (D:4)
  A worker ant (D:4)
  2 hound zombies (Ossuary)
  13 mummies (Ossuary)
  2 worker ant zombies (Ossuary)
  A gnoll (D:1)
  5 adders
  2 oozes (D:2)
  2 adder zombies (Ossuary)
  3 worms (D:2)
  3 leopard geckos
  8 orcs
  6 bats
  3 giant cockroaches
  6 goblins
  6 hobgoblins
  2 jackals (D:3)
  5 kobolds
  A quokka (D:3)
  3 frilled lizards
  8 rats
89 creatures vanquished.

Vanquished Creatures (others)
  5 withered plants (Ossuary)
5 creatures vanquished.

Grand Total: 94 creatures vanquished

Notes
Turn   | Place    | Note
-------+----------+-------------------------------------------
     0 | D:1      | BoppinsLewinski the Centaur Fighter began the quest for the
                  | Orb.
     0 | D:1      | Reached XP level 1. HP: 19/19 MP: 1/1
   531 | D:1      | Reached XP level 2. HP: 26/26 MP: 2/2
   555 | D:1      | You fall into a shaft and drop 1 floor!
  1143 | D:1      | Reached XP level 3. HP: 31/31 MP: 3/3
  1628 | D:2      | Reached XP level 4. HP: 24/38 MP: 4/4
  2362 | D:3      | Found a runed translucent gate.
  2363 | D:3      | Found a runed translucent gate.
  2664 | D:3      | Found a runed translucent gate.
  2665 | D:3      | Noticed DrKleor's ghost (amateur DsGl)
  2750 | D:3      | Reached skill level 1 in Dodging
  2959 | D:3      | Found a glowing golden altar of the Shining One.
  3083 | D:4      | Found Koutopo's Book Emporium.
  3110 | D:4      | Reached XP level 5. HP: 36/46 MP: 5/5
  3164 | D:4      | Found Gasiang's Gadget Boutique.
  3204 | D:4      | Noticed Ijyb
  3238 | D:4      | Killed Ijyb
  3255 | D:4      | Noticed Natasha
  3268 | D:4      | Killed Natasha
  3295 | D:4      | Noticed Natasha
  3300 | D:4      | Killed Natasha
  3315 | D:4      | Noticed a centaur
  3324 | D:4      | Noticed Natasha
  3327 | D:4      | Found Xiochuydoa's Jewellery Emporium.
  3329 | D:4      | Found a sand-covered staircase.
  3333 | Ossuary  | Entered an ossuary
  3356 | Ossuary  | Reached XP level 6. HP: 21/52 MP: 6/6
  3821 | Ossuary  | Reached XP level 7. HP: 54/60 MP: 7/7
  3919 | Ossuary  | HP: 3/60 [hornet zombie (6)]
  3920 | Ossuary  | Slain by a hornet zombie

Levels and vault maps discovered:
D:1:      dpeg_cavernosity, layout_basic, hex_intersection
D:2:      layout_loops_corners, first_ration
D:3:      layout_rooms, gammafunk_ghost_necromancy,
          nicolae_tso_swordbearing_angel
D:4:      minmay_door_path, layout_basic, serial_shops, shop,
          nicolae_shop_crystal, nicolae_shop_crystal, shop, enter_ossuary_5,
          chequers_serial_rivers_micro_c, uniq_edmund, uniq_natasha, uniq_ijyb
Ossuary:  ossuary_zaba_flooded

Skill      XL: |  1  2  3  4  5  6 |
---------------+-------------------+-----
Polearms       | 2 3 4 |  4.8
Dodging        | 1 2 |  2.2
Armour         | 3 |  3.4
Fighting       | 4 |  4.5
Shields        | |  2.3

Action                   |  1- 3 |  4- 6 |  7- 9 || total
-------------------------+-------+-------+-------++-------
Melee: Trident           |    97 |   210 |    49 ||   356
       Kick              |    15 |    59 |    16 ||    90
  Use: Scroll            |       |     6 |       ||     6
       Potion            |       |     3 |       ||     3
  Eat: Chunk             |     1 |     4 |       ||     5
       Ration            |       |     1 |       ||     1
Armor: Scale mail        |    35 |    72 |    16 ||   123
Dodge: Dodged            |    14 |    38 |     9 ||    61
Block: Shield            |    31 |    54 |    21 ||   106

Table legend:
 A = Non-vault XP
 B = Vault XP
 C = Vault XP percentage of total XP
 D = Non-vault monster count
 E = Vault monster count
 F = Vault count percentage of total count
                 A         B        C        D         E       F
            +---------+---------+-------+---------+---------+-------
      Total |     267 |     623 |  70.0 |      60 |      29 |  32.6
            +---------+---------+-------+---------+---------+-------
        D:1 |      44 |       5 |  10.2 |      18 |       4 |  18.2
        D:2 |      74 |       0 |   0.0 |      18 |       0 |   0.0
        D:3 |      57 |       0 |   0.0 |      17 |       0 |   0.0
        D:4 |      92 |      74 |  44.6 |       7 |       2 |  22.2
    Ossuary |       0 |     544 | 100.0 |       0 |      23 | 100.0
            +---------+---------+-------+---------+---------+-------
